APP
ELIZABETHTON TWINS @ CLEVELAND (APP) INDIANS
10/18/2049
 
TOP OF THE 1ST
Cleveland (APP) Indians batting - Pitching for Elizabethton Twins : RHP Lance Wheeler
Pitching: RHP Lance Wheeler
Batting: RHB Jim Wright 0-0: Foul Ball, location: 2F
0-1: Foul Ball, location: 2F
0-2: Ball
1-2: Strikes out swinging
Batting: SHB Victor Martinez 0-0: Called Strike
0-1: Ball
1-1: Swinging Strike
1-2: Ball
2-2: TRIPLE (Flyball, 9LD, EV 88.8 MPH)
Batting: LHB Jesus Romero 0-0: Ball
1-0: Called Strike
1-1: Called Strike
1-2: Foul Ball, location: 2F
1-2: Strikes out swinging
Batting: RHB Jorge Ruelas 0-0: Ball
1-0: Called Strike
1-1: Ball
Wild Pitch!
Victor Martinez scores
2-1: Called Strike
2-2: Ground out 5-3 (Groundball, 56, EV 78.1 MPH)
Top of the 1st over - 1 run, 1 hit, 0 errors, 0 left on base; Cleveland (APP) 1 - Elizabethton 0
BOTTOM OF THE 1ST
Elizabethton Twins batting - Pitching for Cleveland (APP) Indians : RHP Ricky Venegas
Pitching: RHP Ricky Venegas
Batting: LHB Luis Tarango 0-0: Called Strike
0-1: Called Strike
0-2: Ball
1-2: Strikes out looking
Batting: RHB Steve Amiano 0-0: Ball
1-0: Foul Ball, location: 2F
1-1: Called Strike
1-2: Ball
2-2: Foul Ball, location: 2F
2-2: Ball
3-2: SINGLE (Flyball, 7S, EV 98.1 MPH)
Batting: RHB Danny Stein 0-0: Fly out, F9 (Flyball, 9LM, EV 81.3 MPH)
Batting: SHB Ivan Batlle 0-0: Ball
1-0: Ball
2-0: Called Strike
2-1: Called Strike
2-2: Foul Ball, location: 2F
2-2: Ball
3-2: Foul Ball, location: 2F
3-2: Fly out, F7 (Flyball, 78M, EV 81.9 MPH)
Bottom of the 1st over - 0 runs, 1 hit, 0 errors, 1 left on base; Cleveland (APP) 1 - Elizabethton 0
TOP OF THE 2ND
Cleveland (APP) Indians batting - Pitching for Elizabethton Twins : RHP Lance Wheeler
Batting: RHB Dave Lanman 0-0: Ground out 4-3 (Groundball, 4, EV 83.1 MPH)
Batting: LHB Jerry Sweeney 0-0: Fly out, F7 (Flyball, 7LM, EV 102.5 MPH)
Batting: RHB Justin Jennings 0-0: Ball
1-0: Ball
2-0: Called Strike
2-1: Called Strike
2-2: Ground out 5-3 (Groundball, 56S, EV 90.6 MPH)
Top of the 2nd over - 0 runs, 0 hits, 0 errors, 0 left on base; Cleveland (APP) 1 - Elizabethton 0
BOTTOM OF THE 2ND
Elizabethton Twins batting - Pitching for Cleveland (APP) Indians : RHP Ricky Venegas
Batting: RHB Matt Horne 0-0: Ball
1-0: Ball
2-0: Fly out, F7 (Flyball, 78XD, EV 95.0 MPH)
Batting: RHB Justin Wright 0-0: Ground out U3 (Groundball, 3, EV 96.9 MPH)
Batting: RHB Constantino Gaivo 0-0: Ball
1-0: Fly out, F4 (Line Drive, 4, EV 70.6 MPH)
Bottom of the 2nd over - 0 runs, 0 hits, 0 errors, 0 left on base; Cleveland (APP) 1 - Elizabethton 0
TOP OF THE 3RD
Cleveland (APP) Indians batting - Pitching for Elizabethton Twins : RHP Lance Wheeler
Batting: LHB Cesar Valdez 0-0: Called Strike
0-1: Ball
1-1: Ball
2-1: Swinging Strike
2-2: Foul Ball, location: 2F
2-2: Strikes out swinging
Batting: SHB Kaden Hutchinson 0-0: Called Strike
0-1: Called Strike
0-2: Strikes out swinging
Batting: RHB Jim Wright 0-0: Foul Ball, location: 2F
0-1: Ball
1-1: Ball
2-1: Fly out, F8 (Line Drive, 8LM, EV 111.3 MPH)
Top of the 3rd over - 0 runs, 0 hits, 0 errors, 0 left on base; Cleveland (APP) 1 - Elizabethton 0
BOTTOM OF THE 3RD
Elizabethton Twins batting - Pitching for Cleveland (APP) Indians : RHP Ricky Venegas
Batting: RHB Nate Diaz 0-0: Called Strike
0-1: Swinging Strike
0-2: Ball
1-2: SINGLE (Line Drive, 78S, EV 100.6 MPH)
Batting: SHB Nick Miller 0-0: Swinging Strike
0-1: Fielders Choice at 2nd, 6-4 (Groundball, 6, EV 80.6 MPH)
Batting: LHB Luis Tarango 0-0: Called Strike
0-1: Ball
1-1: Foul Ball, location: 2F
1-2: Ball
2-2: Ball
3-2: Foul Ball, location: 2F
3-2: Base on Balls
Nick Miller to second
Batting: RHB Steve Amiano 0-0: Foul Ball, location: 2F
0-1: Ball
Wild Pitch!
Nick Miller to third
Luis Tarango to second
1-1: Ball
2-1: Foul Ball, location: 2F
2-2: Fly out, F8 (Flyball, 8LXD, EV 98.1 MPH)
Runner from 3rd tags up, SCORES, no throw by CF
Luis Tarango to third
Batting: RHB Danny Stein 0-0: Called Strike
0-1: Ball
1-1: Ball
2-1: Fly out, F7 (Flyball, 7LM, EV 86.9 MPH)
Bottom of the 3rd over - 1 run, 1 hit, 0 errors, 1 left on base; Cleveland (APP) 1 - Elizabethton 1
TOP OF THE 4TH
Cleveland (APP) Indians batting - Pitching for Elizabethton Twins : RHP Lance Wheeler
Batting: SHB Victor Martinez 0-0: Called Strike
0-1: Ground out 6-3 (Groundball, 6M, EV 84.4 MPH)
Batting: LHB Jesus Romero 0-0: Called Strike
0-1: Foul Ball, location: 2F
0-2: Ball
1-2: Strikes out swinging
Batting: RHB Jorge Ruelas 0-0: Ball
1-0: Called Strike
1-1: Swinging Strike
1-2: Strikes out swinging
Top of the 4th over - 0 runs, 0 hits, 0 errors, 0 left on base; Cleveland (APP) 1 - Elizabethton 1
BOTTOM OF THE 4TH
Elizabethton Twins batting - Pitching for Cleveland (APP) Indians : RHP Ricky Venegas
Batting: SHB Ivan Batlle 0-0: Foul Ball, location: 2F
0-1: Fly out, F8 (Line Drive, 8RD, EV 97.5 MPH)
Batting: RHB Matt Horne 0-0: Ball
1-0: Swinging Strike
1-1: Foul Ball, location: 2F
1-2: Ball
2-2: Strikes out swinging
Batting: RHB Justin Wright 0-0: Called Strike
0-1: Ball
1-1: Foul Ball, location: 2F
1-2: Fly out, F9 (Line Drive, 9, EV 86.3 MPH)
Bottom of the 4th over - 0 runs, 0 hits, 0 errors, 0 left on base; Cleveland (APP) 1 - Elizabethton 1
TOP OF THE 5TH
Cleveland (APP) Indians batting - Pitching for Elizabethton Twins : RHP Lance Wheeler
Batting: RHB Dave Lanman 0-0: Ball
1-0: Called Strike
1-1: Foul Ball, location: 2F
1-2: Strikes out swinging
Batting: LHB Jerry Sweeney 0-0: Called Strike
0-1: Swinging Strike
0-2: Strikes out looking
Batting: RHB Justin Jennings 0-0: Ground out 6-3 (Groundball, 6, EV 101.9 MPH)
Top of the 5th over - 0 runs, 0 hits, 0 errors, 0 left on base; Cleveland (APP) 1 - Elizabethton 1
BOTTOM OF THE 5TH
Elizabethton Twins batting - Pitching for Cleveland (APP) Indians : RHP Ricky Venegas
Batting: RHB Constantino Gaivo 0-0: Ball
1-0: Ball
2-0: Ball
3-0: Called Strike
3-1: Foul Ball, location: 2F
3-2: Strikes out swinging
Batting: RHB Nate Diaz 0-0: Ball
1-0: Foul Ball, location: 2F
1-1: Ball
2-1: Ground out 6-3 (Groundball, 6M, EV 84.4 MPH)
Batting: SHB Nick Miller 0-0: Called Strike
0-1: Fly out, F6 (Popup, 6, EV 74.4 MPH)
Bottom of the 5th over - 0 runs, 0 hits, 0 errors, 0 left on base; Cleveland (APP) 1 - Elizabethton 1
TOP OF THE 6TH
Cleveland (APP) Indians batting - Pitching for Elizabethton Twins : RHP Lance Wheeler
Batting: LHB Cesar Valdez 0-0: SINGLE (Line Drive, 8LS, EV 98.1 MPH)
Batting: SHB Kaden Hutchinson 0-0: Ball
1-0: Called Strike
1-1: Grounds into double play, 6-4-3 (Groundball, 6, EV 108.1 MPH)
Batting: RHB Jim Wright 0-0: Ball
1-0: Foul Ball, location: 2F
1-1: Ball
2-1: Foul Ball, location: 2F
2-2: Foul Ball, location: 2F
2-2: Ball
3-2: Strikes out swinging
Top of the 6th over - 0 runs, 1 hit, 0 errors, 0 left on base; Cleveland (APP) 1 - Elizabethton 1
BOTTOM OF THE 6TH
Elizabethton Twins batting - Pitching for Cleveland (APP) Indians : RHP Ricky Venegas
Batting: LHB Luis Tarango 0-0: Called Strike
0-1: Ball
1-1: Ball
2-1: Ball
3-1: SINGLE (Groundball, 4D, EV 103.1 MPH)
Pitching: RHP Ignatius Steinberg
Batting: RHB Steve Amiano 0-0: Ball
1-0: Ball
2-0: Ball
3-0: Called Strike
3-1: Base on Balls
Luis Tarango to second
Batting: RHB Danny Stein 0-0: Ball
1-0: Foul Ball, location: 2F
1-1: Ball
2-1: Ball
3-1: Base on Balls
Luis Tarango to third
Steve Amiano to second
Batting: SHB Ivan Batlle 0-0: Called Strike
0-1: Ball
1-1: Ball
2-1: Swinging Strike
2-2: Ball
3-2: SINGLE (Groundball, 6, EV 105.0 MPH) (infield hit)
Luis Tarango scores
Steve Amiano to third
Danny Stein to second
Batting: RHB Matt Horne 0-0: SINGLE (Groundball, 3L, EV 85.0 MPH) (infield hit)
Steve Amiano scores
Danny Stein to third
Ivan Batlle to second
Batting: RHB Justin Wright 0-0: Ball
1-0: Grounds into fielders choice 1-2 (Groundball, 13, EV 85.6 MPH)
Ivan Batlle to third
Matt Horne to second
Batting: RHB Constantino Gaivo 0-0: GRAND SLAM HOME RUN (Flyball, 7LD, EV 105.6 MPH), Distance : 336 ft
Pitching: LHP Sergio Samano
Batting: RHB Nate Diaz 0-0: Ball
1-0: Ball
2-0: Hit by Pitch
Batting: SHB Nick Miller 0-0: DOUBLE (Flyball, 3D, EV 93.8 MPH)
Nate Diaz to third
Batting: LHB Luis Tarango 0-0: Foul Ball, location: 2F
0-1: Ball
1-1: Fly out, F6 (Popup, 6, EV 77.5 MPH)
Batting: RHB Steve Amiano 0-0: Ball
1-0: Ball
2-0: Ball
Wild Pitch!
Nate Diaz scores
Nick Miller to third
3-0: Called Strike
3-1: Ground out 5-3 (Groundball, 56, EV 83.1 MPH)
Bottom of the 6th over - 7 runs, 5 hits, 0 errors, 1 left on base; Cleveland (APP) 1 - Elizabethton 8
TOP OF THE 7TH
Cleveland (APP) Indians batting - Pitching for Elizabethton Twins : RHP Lance Wheeler
Batting: SHB Victor Martinez 0-0: Ball
1-0: Called Strike
1-1: Ball
2-1: Ground out 4-3 (Groundball, 34, EV 78.8 MPH)
Batting: LHB Jesus Romero 0-0: Called Strike
0-1: Ball
1-1: Ball
2-1: Ball
3-1: Base on Balls
Batting: RHB Jorge Ruelas 0-0: Ball
1-0: Called Strike
1-1: Ball
2-1: Ball
3-1: Base on Balls
Jesus Romero to second
Batting: RHB Dave Lanman 0-0: Foul Ball, location: 2F
0-1: Foul Ball, location: 2F
0-2: DOUBLE (Flyball, 8RXD, EV 103.8 MPH)
Jesus Romero scores
Jorge Ruelas to third
Batting: LHB Jerry Sweeney 0-0: Foul Ball, location: 2F
0-1: Swinging Strike
0-2: Foul Ball, location: 2F
0-2: Ball
1-2: SINGLE (Groundball, 4MD, EV 103.1 MPH)
Jorge Ruelas scores
Dave Lanman to third
Batting: RHB Justin Jennings 0-0: Called Strike
0-1: Swinging Strike
0-2: Foul Ball, location: 2F
0-2: Strikes out looking
Batting: LHB Cesar Valdez 0-0: Ground out 6-3 (Groundball, 6M, EV 103.1 MPH)
Top of the 7th over - 2 runs, 2 hits, 0 errors, 2 left on base; Cleveland (APP) 3 - Elizabethton 8
BOTTOM OF THE 7TH
Elizabethton Twins batting - Pitching for Cleveland (APP) Indians : LHP Sergio Samano
Batting: RHB Danny Stein 0-0: Ground out 1-3 (Groundball, 34S, EV 81.9 MPH)
Batting: SHB Ivan Batlle 0-0: Ball
1-0: Foul Ball, location: 2F
1-1: Foul Ball, location: 2F
1-2: Foul Ball, location: 2F
1-2: Ball
2-2: Foul Ball, location: 2F
2-2: Ball
3-2: Foul Ball, location: 2F
3-2: Base on Balls
Batting: RHB Matt Horne 0-0: Ball
1-0: Called Strike
1-1: Ball
2-1: Ball
3-1: Base on Balls
Ivan Batlle to second
Batting: RHB Justin Wright 0-0: Ball
1-0: SINGLE (Line Drive, 78S, EV 96.3 MPH)
Ivan Batlle to third
Matt Horne to second
Batting: RHB Constantino Gaivo 0-0: Fly out, F7 (Flyball, 7D, EV 110.6 MPH)
Runner from 3rd tags up, SCORES, no throw by LF
Matt Horne to third
Batting: RHB Nate Diaz 0-0: Foul Ball, location: 2F
0-1: Ball
1-1: Ball
Justin Wright steals 2nd base
2-1: Ball
Wild Pitch!
Matt Horne scores
Justin Wright to third
3-1: Called Strike
3-2: Ground out U3 (Groundball, 3, EV 107.5 MPH)
Bottom of the 7th over - 2 runs, 1 hit, 0 errors, 1 left on base; Cleveland (APP) 3 - Elizabethton 10
TOP OF THE 8TH
Cleveland (APP) Indians batting - Pitching for Elizabethton Twins : RHP Lance Wheeler
Pitching: RHP Shiloh Rawls
Batting: SHB Kaden Hutchinson 0-0: SINGLE (Groundball, 34S, EV 67.5 MPH) (infield hit)
Batting: RHB Jim Wright 0-0: Called Strike
0-1: Foul Ball, location: 2F
0-2: Ball
1-2: Ball
2-2: Foul Ball, location: 2F
2-2: Fielders Choice at 2nd, 4-6 (Groundball, 4, EV 87.5 MPH)
Batting: SHB Victor Martinez
Pinch Hitting: RHB Jesse Marder 0-0: Ball
1-0: Called Strike
1-1: Foul Ball, location: 2F
1-2: SINGLE (Flyball, 7LS, EV 88.8 MPH)
Jim Wright to second
Batting: LHB Jesus Romero 0-0: Called Strike
0-1: Ball
1-1: Swinging Strike
1-2: Ball
2-2: Ball
3-2: SINGLE (Groundball, 4MD, EV 98.1 MPH)
Jim Wright to third
Jesse Marder to second
Runner from 3rd tries for Home, throw by CF and OUT! 8-2
Batting: RHB Jorge Ruelas 0-0: Ball
1-0: Called Strike
1-1: Fielders Choice at 2nd, 5-4 (Groundball, 56, EV 101.9 MPH)
Top of the 8th over - 0 runs, 3 hits, 0 errors, 2 left on base; Cleveland (APP) 3 - Elizabethton 10
BOTTOM OF THE 8TH
Elizabethton Twins batting - Pitching for Cleveland (APP) Indians : LHP Sergio Samano
Now at SS: Jesse Marder
Batting: SHB Nick Miller 0-0: Ball
1-0: Called Strike
1-1: Ball
2-1: Ball
3-1: Base on Balls
Pinch Hitting: RHB Bill McKiernan 0-0: Called Strike
0-1: Ball
1-1: Called Strike
1-2: Foul Ball, location: 2F
1-2: SINGLE (Groundball, 56D, EV 97.5 MPH)
Nick Miller to second
Pitching: RHP Jayden Brundage
Batting: RHB Steve Amiano 0-0: Ball
1-0: Foul Ball, location: 2F
1-1: Ball
2-1: Ball
3-1: Fielders Choice at 2nd, 5-4 (Groundball, 56, EV 108.1 MPH)
Nick Miller to third
Batting: RHB Danny Stein 0-0: Ball
1-0: Fly out, F7 (Line Drive, 7, EV 96.3 MPH)
Batting: SHB Ivan Batlle 0-0: Ball
1-0: Foul Ball, location: 2F
1-1: Ball
2-1: Ball
3-1: SINGLE (Groundball, 6, EV 105.0 MPH) (infield hit)
Nick Miller scores
Steve Amiano to second
Batting: RHB Matt Horne 0-0: Ball
1-0: Foul Ball, location: 2F
1-1: Called Strike
1-2: Ball
2-2: Strikes out swinging
Bottom of the 8th over - 1 run, 2 hits, 0 errors, 2 left on base; Cleveland (APP) 3 - Elizabethton 11
TOP OF THE 9TH
Cleveland (APP) Indians batting - Pitching for Elizabethton Twins : RHP Shiloh Rawls
Now in CF: Bill McKiernan
Batting: RHB Dave Lanman 0-0: Called Strike
0-1: Called Strike
0-2: Fly out, F7 (Line Drive, 7D, EV 90.0 MPH)
Batting: LHB Jerry Sweeney 0-0: Ball
1-0: Ball
2-0: Called Strike
2-1: Foul Ball, location: 2F
2-2: SINGLE (Line Drive, 4MD, EV 96.9 MPH)
Batting: RHB Justin Jennings 0-0: Ball
1-0: Foul Ball, location: 2F
1-1: Foul Ball, location: 2F
1-2: Ball
2-2: Fielders Choice at 2nd, 1-6 (Groundball, 13S, EV 70.0 MPH)
Batting: LHB Cesar Valdez 0-0: Called Strike
0-1: Ball
1-1: Called Strike
1-2: Foul Ball, location: 2F
1-2: Ball
2-2: Strikes out swinging
Top of the 9th over - 0 runs, 1 hit, 0 errors, 1 left on base; Cleveland (APP) 3 - Elizabethton 11
Sunday, July 16th , 2023 - OOTP Baseball 24.6 Build 69